 Dungeon Crawl Stone Soup version 0.32-a0-699-g1ee5eff69a (webtiles) character file.

Game seed: 6715149814129169570

2480 smashvw the Fighter (level 9, -1/109 (127) HPs)
             Began as a Minotaur Fighter on Mar 14, 2024.
             Was a Follower of Okawaru.
             Slain by a wight
             ... wielding a +3 great sword
              (4 damage)
             ... on level 7 of the Dungeon.
             The game lasted 00:17:06 (5865 turns).

smashvw the Fighter (Minotaur Fighter)              Turns: 5865, Time: 00:17:06

HP:   -1/109 (127)  AC: 24    Str: 24    XL:     9   Next: 27%
MP:   8/8           EV:  2    Int:  7    God:    Okawaru [*.....]
Gold: 365           SH:  4    Dex:  9    Spells: 8/8 levels left

rFire   . . .        a - +0 trident
rCold   . . .        c - +0 buckler
rNeg    . . .        b - melded +0 scale mail
rPois   +            (helmet currently unavailable)
rElec   .            n - melded +0 cloak
rCorr   .            y - melded +0 pair of gloves {Dex+3}
SInv    .            (boots currently unavailable)
Will    .....        t - amulet of the acrobat
Stlth   +            (no ring)
HPRegen 0.38/turn    (no ring)
MPRegen 0.11/turn

%: acrobat
@: lethally poisoned (-1 -> -14), tree-form, marked, heavily drained
A: stationary, stasis, torment immunity, boosted hp, (horns 2), (retaliatory
headbutt)
a: Renounce Religion, Heroism


You were on level 7 of the Dungeon.
You worshipped Okawaru.
Okawaru was aware of your devotion.
You were a tree.
You visited 2 branches of the dungeon, and saw 8 of its levels.
You also visited: Sewer.

You collected 365 gold pieces.

Inventory:

Hand Weapons
 a - a +0 trident (weapon)
Missiles
 d - 32 stones (quivered)
 z - 5 poisoned darts
 D - 3 atropa-tipped darts
Armour
 b - a +0 scale mail (melded)
 c - a +0 buckler (worn)
 n - a +0 cloak (melded)
 y - a +0 pair of gloves of dexterity (melded)
 I - a +0 tower shield
Jewellery
 t - an amulet of the acrobat (around neck)
Wands
 j - a wand of quicksilver (5)
 A - a wand of iceblast (9)
 F - a wand of mindburst (9)
Scrolls
 g - 5 scrolls of amnesia
 i - 3 scrolls of fog
 l - a scroll of teleportation
 m - 3 scrolls of enchant armour
 p - a scroll of blinking
 r - a scroll of fear
 u - a scroll of butterflies
 v - a scroll of enchant weapon {unknown}
 C - a scroll of noise {unknown}
 E - a scroll of immolation {unknown}
 H - a scroll of identify
Potions
 e - a potion of attraction {unknown}
 f - 2 potions of heal wounds
 h - a potion of curing {unknown}
 k - a potion of lignification
 o - a potion of berserk rage {unknown}
 q - a potion of enlightenment {unknown}
 s - a potion of degeneration {unknown}
 w - 2 potions of haste {unknown}
 x - a potion of ambrosia {unknown}
 B - 2 potions of mutation {unknown}
 G - a potion of magic {unknown}


   Skills:
 - Level 10.0 Fighting
 + Level 9.4 Polearms
 + Level 4.1 Throwing
 - Level 3.6 Armour
 - Level 5.0 Shields
 - Level 3.0 Evocations


You had 8 spell levels left.
You didn't know any spells.
Your spell library contained the following spells:

 Spells                   Type           Power      Damage    Failure   Level
 Ensorcelled Hibernation  Hex/Ice        0%         N/A       63%         2
 Mercury Vapours          Alch/Air       0%         N/A       63%         2
 Frozen Ramparts          Ice            0%         1d1       86%         3
 Mephitic Cloud           Conj/Alch/Air  0%         N/A       86%         3
 Ozocubu's Armour         Ice            0%         N/A       86%         3
 Passwall                 Erth           0%         N/A       86%         3
 Swiftness                Air            0%         N/A       86%         3
 Freezing Cloud           Conj/Ice/Air   0%         6-21      100%        5
 Metabolic Englaciation   Hex/Ice        0%         N/A       100%        5


Dungeon Overview and Level Annotations

Branches:
Dungeon (7/15)             Temple (1/1) D:6           Sewer (visited)

Altars:
Ashenzari
Cheibriados
Dithmenos
Fedhas
Gozag
Hepliaklqana
Kikubaaqudgha
Makhleb
Nemelex Xobeh
Okawaru
Qazlal
Ru
Sif Muna
Trog
Xom
Yredelemnul
Zin
The Shining One

Shops:
D:1 :   D:3 [


Innate Abilities, Weirdness & Mutations

You are a tree.
Your roots penetrate the ground, keeping you stationary.
You cannot be teleported.
You are immune to unholy pain and torment.
Your maximum health is greatly increased.
Your equipment is partially melded.
((You have a pair of horns on your head.))
((You reflexively headbutt those who attack you in melee.))


Message History

The wight hits you from afar with a +1 spear of venom.
* * * LOW HITPOINT WARNING * * *
You feel drained.
* * * LOW HITPOINT WARNING * * *
You are lethally poisoned!
Okay, then.
Okay, then.
It was a potion of lignification.
You turn into a tree.
Your +0 cloak melds into your body.
Your +0 pair of gloves of dexterity melds into your body.
Your +0 scale mail melds into your body.
You feel clumsy.
Your roots penetrate the ground.
You feel strangely stable.
You feel very sick. You block the bullfrog's attack.
The wight hits you with a +3 great sword.
* * * LOW HITPOINT WARNING * * *
You block the wight's attack. The wight hits you but does no damage.
The bullfrog completely misses you.
You puncture the bullfrog!
You kill the bullfrog!
Okawaru accepts your kill.
You feel very sick. You block the wight's attack.
The wight hits you with a +3 great sword!
* * * LOW HITPOINT WARNING * * *
You feel drained.
* * * LOW HITPOINT WARNING * * *
The wight barely misses you. The wight hits you but does no damage.
You are more poisoned.
Training target 10.0 for Fighting reached!
Your Fighting skill increases to level 10!
You hit the wight but do no damage.
The wight is severely damaged.
* * * LOW HITPOINT WARNING * * *
You feel very sick.
The wight hits you with a +0 short sword.
* * * LOW HITPOINT WARNING * * *
The wight hits you with a +3 great sword.
You die...

.......$)............###..#.#####
........†.......##..z.#..##..## #
.................###..........###
#..)#.z.z....#.#..##...........#.
#...z>..###....g.#..............
##.....)..#..#.#g###..##.........
..........#.....g##..............
..#..........#.#z#z..............
...............†♣z...............
..............#.z#........#.#....
.........##..#######....#........
..#.#.#.###.###......#....#.#.#..
........##..##.....#.............
..#.#.#.....##.....#.......##....
................>#.........##.#..
#.#.#.#..........##..##.......##.
#...................####.........


You could see 4 wights and 3 gnolls.

Vanquished Creatures
  Grinder (D:5)
  Sigmund (D:1)
  A water moccasin (D:7)
  A black bear (D:5)
  3 ice beasts
  A sky beast (D:7)
  3 ogres
  A phantom (D:6)
  A bullfrog (D:7)
  2 brain worms (Sewer)
  3 scorpions
  A wight (D:7)
  2 bombardier beetles
  2 hounds
  A jelly (D:4)
  A gnoll bouda (D:7)
  2 orc priests
  6 iguanas
  2 sleepcaps
  3 orc wizards
  8 gnolls
  9 adders
  A shadow imp (D:6)
  A white imp (D:7)
  A dart slug (D:4)
  5 ribbon worms
  18 orcs
  9 ball pythons
  3 endoplasms
  3 giant cockroaches
  A hobgoblin (D:3)
  4 jackals
  3 quokkas
  4 bats (D:1)
  6 frilled lizards
  4 goblins
  5 kobolds
  16 rats
139 creatures vanquished.

Notes
Turn   | Place    | Note
-------+----------+-------------------------------------------
     0 | D:1      | smashvw the Minotaur Fighter began the quest for the Orb.
     0 | D:1      | Reached XP level 1. HP: 19/19 MP: 0/0
   117 | D:1      | Reached XP level 2. HP: 27/27 MP: 1/1
   121 | D:1      | Reached skill level 4 in Fighting
   268 | D:1      | Found Paoloob's Book Boutique.
   635 | D:1      | Found a faded altar of an unknown god.
   757 | D:2      | Noticed Sigmund
   766 | D:1      | Reached XP level 3. HP: 20/33 MP: 2/2
   786 | D:1      | Killed Sigmund
   787 | D:1      | Reached skill level 5 in Fighting
   787 | D:1      | Reached skill level 5 in Shields
   787 | D:1      | Reached XP level 4. HP: 9/42 MP: 3/3
   787 | D:1      | Reached XP level 5. HP: 11/48 MP: 4/4
  1478 | D:2      | You fall into a shaft and drop 2 floors!
  1531 | D:3      | Reached XP level 6. HP: 57/57 MP: 5/5
  1626 | D:3      | Reached skill level 5 in Polearms
  1660 | D:3      | Reached skill level 6 in Fighting
  1665 | D:3      | Found a glowing drain.
  1669 | Sewer    | Entered a sewer
  2250 | D:3      | Found Vohos's Armour Boutique.
  2766 | D:4      | Reached XP level 7. HP: 64/64 MP: 6/6
  2818 | D:4      | Reached skill level 7 in Fighting
  3219 | D:5      | Entered Level 5 of the Dungeon
  3474 | D:5      | Reached skill level 8 in Fighting
  3734 | D:5      | Reached XP level 8. HP: 70/75 MP: 7/7
  4034 | D:5      | Noticed Grinder
  4043 | D:5      | Paralysed by Grinder for 2 turns
  4051 | D:5      | Paralysed by Grinder for 3 turns
  4058 | D:5      | Killed Grinder
  4059 | D:5      | Reached skill level 1 in Throwing
  4059 | D:5      | Reached skill level 1 in Evocations
  4516 | D:6      | Found a staircase to the Ecumenical Temple.
  4528 | Temple   | Entered the Ecumenical Temple
  4540 | Temple   | Became a worshipper of Warmaster Okawaru
  4702 | D:6      | Found a broken altar of Ashenzari.
  4925 | D:6      | Reached skill level 9 in Fighting
  5163 | D:6      | Found a basalt altar of Yredelemnul.
  5569 | D:7      | Reached * piety under Okawaru
  5595 | D:7      | Reached XP level 9. HP: 63/84 MP: 8/8
  5865 | D:7      | Reached skill level 10 in Fighting
  5865 | D:7      | HP: 4/109 [poisoned by a wight]
  5865 | D:7      | Slain by a wight

Illustrated notes

Levels and vault maps discovered:
D:1:      mrwooster_arrival_statue_2, layout_basic, serial_shops, shop,
          shapermc_ecumenical_altar_mp_vishouse
D:2:      layout_basic, uniq_robin, uniq_sigmund
D:3:      cheibrodos_pilgrimage, layout_loops_ring, serial_shops,
          nicolae_shop_behind_doors, gup_sewer_entry_bowl,
          kennysheep_small_spiral, nicolae_concentric_dashed_squares_mild,
          minmay_liquid_box
D:4:      layout_rooms
D:5:      cheibrodos_quashed, layout_layer_cave, uniq_grinder
D:6:      layout_basic, mainiacjoe_overflow_cross_hatched, pf_just_have_faith,
          minmay_temple_entry_gardened_gates, minmay_crystal_room
D:7:      layout_cave_pools, chequers_temple_overflow_statue_of_worship,
          serial_glass, glass_columns_c, glass_columns_a, glass_columns_a,
          glass_columns_b, glass_columns_a
Temple:   eino_temple_scatter_basement

Skill      XL: |  1  2  3  4  5  6  7  8  9 |
---------------+----------------------------+-----
Fighting       | 4 5 6 8 9 10 | 10.0
Shields        | 4 5 |  5.0
Polearms       | 3 4 6 7 8 9 |  9.4
Throwing       | 3 4 |  4.1
Evocations     | 3 |  3.0
Armour         | |  3.6

Action                     |  1- 3 |  4- 6 |  7- 9 || total
---------------------------+-------+-------+-------++-------
  Melee: Trident           |    47 |   166 |   232 ||   445
         Headbutt          |     3 |    24 |    53 ||    80
  Throw: Stone             |       |       |     5 ||     5
    Use: Potion            |     1 |       |     4 ||     5
         Scroll            |       |     1 |    10 ||    11
 Armour: Scale mail        |    30 |   112 |   106 ||   248
         Skin              |       |       |     6 ||     6
  Dodge: Dodged            |     6 |    53 |    54 ||   113
  Block: Buckler           |     6 |    22 |    42 ||    70

Table legend: (Time is in decaauts)
 A = Elapsed time spent in this place.
 B = Non-inter-level travel time spent in this place.
 C = Inter-level travel time spent in this place.
 D = Time resting spent in this place.
 E = Time spent auto-exploring this place.
 F = Levels seen in this place.
 G = Mean time per level.
                   A        B        C        D        E       F      G
               +--------+--------+--------+--------+--------+-----+--------+
         Total |   5917 |   5797 |    120 |    478 |   4295 |   9 |  657.4 |
       Dungeon |   5419 |   5316 |    103 |    478 |   3956 |   7 |  774.1 |
        Temple |     22 |      5 |     17 |      0 |      0 |   1 |   22.0 |
         Sewer |    474 |    474 |      0 |      0 |    338 |   1 |  474.0 |
               +--------+--------+--------+--------+--------+-----+--------+

Top non-repeatable levels by time:
     D:5: 1194 daAuts
     D:6: 946 daAuts
     D:1: 927 daAuts
     D:3: 806 daAuts
     D:2: 566 daAuts
     D:4: 514 daAuts
   Sewer: 474 daAuts
     D:7: 463 daAuts
  Temple: 22 daAuts
